[ AOE2 MATCH · #462933309 ]
UnrankedIncas vs Huns
Player's team · LOSS
Rival team · WIN
[ REPLAY ANALYSIS · EXTRACTED FROM THE RECORDED GAME ]
Feudal
10:46
Castle
—
Imperial
—
| APM avg | 31.6 |
| APM peak | 56 |
| eAPM avg | 13.0 |
| Villagers / military | 32 / 10 |
Focus
⚔️ 19.4% · 🌾 80.6%
Archer ×10 · Unknown (2550) ×7
Feudal
13:27
Castle
17:22
Imperial
—
| APM avg | 14.1 |
| APM peak | 31 |
| eAPM avg | 8.4 |
| Villagers / military | 33 / 0 |
Focus
⚔️ 12.8% · 🌾 87.2%
Match map
Initial resources + every placement click. Lines = walls · curves = elevation contours. ◆ gold · ⬟ stone · ● berries · ✦ relic · ◌ wall gap
Inputs per minute
— lx0o0xl - - jhonsys
Build order — lx0o0xl
76 actions detected in the replay
| 0:02 | Create | Villager (Male) |
| 0:02 | Create | Villager (Male) |
| 0:02 | Create | Villager (Male) |
| 0:02 | Create | Villager (Male) |
| 0:04 | Build | House |
| 0:06 | Build | House |
| 1:32 | Create | Villager (Male) |
| 1:32 | Create | Villager (Male) |
| 2:18 | Create | Villager (Male) |
| 2:19 | Create | Villager (Male) |
| 2:19 | Create | Villager (Male) |
| 3:00 | Create | Villager (Male) |
| 3:00 | Create | Villager (Male) |
| 3:01 | Create | Villager (Male) |
| 4:01 | Create | Villager (Male) |
| 4:01 | Create | Villager (Male) |
| 4:01 | Create | Villager (Male) |
| 4:02 | Create | Villager (Male) |
| 4:09 | Create | Villager (Male) |
| 4:09 | Create | Villager (Male) |
| 5:22 | Build | Settlement |
| 5:41 | Create | Villager (Male) |
| 5:41 | Create | Villager (Male) |
| 5:41 | Create | Villager (Male) |
| 5:42 | Create | Villager (Male) |
| 5:42 | Create | Villager (Male) |
| 6:43 | Create | Villager (Male) |
| 6:43 | Create | Villager (Male) |
| 7:33 | Create | Villager (Male) |
| 7:48 | Create | Villager (Male) |
| 8:10 | Research | Feudal Age |
| 8:24 | Build | Settlement |
| 9:14 | Build | Farm |
| 9:24 | Build | Farm |
| 10:23 | Create | Villager (Male) |
| 10:23 | Create | Villager (Male) |
| 10:46 | Age | Feudal Age |
| 10:50 | Create | Villager (Male) |
| 10:53 | Research | Loom |
| 10:57 | Research | Double-Bit Axe |
| 10:59 | Research | Horse Collar |
| 11:08 | Build | Barracks |
| 11:38 | Build | Farm |
| 11:42 | Build | Farm |
| 11:46 | Build | Farm |
| 11:50 | Build | Farm |
| 12:01 | Build | Settlement |
| 12:08 | Create | Unit 2550 |
| 12:08 | Create | Unit 2550 |
| 12:37 | Build | Stone Wall |
| 12:56 | Create | Unit 2550 |
| 13:02 | Build | Farm |
| 13:05 | Build | Farm |
| 13:18 | Build | Archery Range |
| 13:22 | Create | Villager (Male) |
| 13:23 | Create | Villager (Male) |
| 13:44 | Create | Unit 2550 |
| 14:00 | Create | Archer |
| 14:00 | Create | Archer |
| 14:01 | Create | Unit 2550 |
| 14:37 | Research | Tech 1402 |
| 14:42 | Create | Archer |
| 15:08 | Create | Archer |
| 15:17 | Create | Unit 2550 |
| 15:21 | Create | Archer |
| 16:25 | Build | Watch Tower |
| 16:40 | Build | Palisade Wall |
| 16:50 | Build | Palisade Wall |
| 17:07 | Create | Archer |
| 17:09 | Create | Unit 2550 |
| 17:17 | Create | Archer |
| 17:37 | Create | Archer |
| 17:37 | Create | Archer |
| 17:55 | Build | Outpost |
| 18:04 | Create | Archer |
| 18:12 | Build | Blacksmith |
Build order — jhonsys
55 actions detected in the replay
| 0:01 | Create | Villager (Male) |
| 0:01 | Create | Villager (Male) |
| 0:02 | Create | Villager (Male) |
| 0:20 | Create | Villager (Male) |
| 0:20 | Create | Villager (Male) |
| 1:25 | Create | Villager (Male) |
| 2:00 | Create | Villager (Male) |
| 2:30 | Create | Villager (Male) |
| 2:46 | Build | Mill |
| 2:55 | Create | Villager (Male) |
| 3:10 | Create | Villager (Male) |
| 3:41 | Create | Villager (Male) |
| 3:57 | Create | Villager (Male) |
| 4:36 | Create | Villager (Male) |
| 4:46 | Build | Lumber Camp |
| 5:02 | Create | Villager (Male) |
| 5:21 | Create | Villager (Male) |
| 5:51 | Create | Villager (Male) |
| 5:51 | Create | Villager (Male) |
| 5:52 | Create | Villager (Male) |
| 5:52 | Create | Villager (Male) |
| 5:52 | Create | Villager (Male) |
| 6:57 | Build | Mill |
| 7:02 | Create | Villager (Male) |
| 7:12 | Create | Villager (Male) |
| 7:12 | Create | Villager (Male) |
| 8:16 | Create | Villager (Male) |
| 8:52 | Create | Villager (Male) ×5 |
| 8:55 | Research | Loom |
| 9:03 | Build | Farm |
| 9:04 | Build | Farm |
| 9:05 | Build | Farm |
| 9:06 | Build | Farm |
| 9:07 | Build | Farm |
| 9:20 | Build | Mining Camp |
| 9:32 | Build | Farm |
| 10:09 | Build | Farm |
| 10:20 | Research | Feudal Age |
| 10:29 | Build | Farm |
| 11:29 | Build | Lumber Camp |
| 11:45 | Create | Villager (Male) |
| 11:46 | Create | Villager (Male) |
| 13:27 | Age | Feudal Age |
| 13:30 | Build | Market |
| 13:34 | Build | Blacksmith |
| 13:41 | Research | Double-Bit Axe |
| 13:51 | Create | Villager (Male) |
| 14:25 | Research | Castle Age |
| 14:40 | Build | Palisade Wall |
| 14:41 | Build | Palisade Wall |
| 14:43 | Build | Palisade Wall |
| 15:45 | Build | Palisade Wall |
| 17:22 | Age | Castle Age |
| 18:08 | Build | Castle |
| 18:48 | Create | Villager (Male) |
Match timeline
| 10:46 | lx0o0xl · age_up feudal |
| 11:08 | lx0o0xl · first_building Barracks |
| 12:37 | lx0o0xl · wall_segment Stone Wall x12 |
| 13:18 | lx0o0xl · first_building Archery Range |
| 13:27 | jhonsys · age_up feudal |
| 14:40 | jhonsys · wall_segment Palisade Wall x1 |
| 14:41 | jhonsys · wall_segment Palisade Wall x1 |
| 14:43 | jhonsys · wall_segment Palisade Wall x1 |
| 15:45 | jhonsys · wall_segment Palisade Wall x1 |
| 16:40 | lx0o0xl · wall_segment Palisade Wall x1 |
| 16:50 | lx0o0xl · wall_segment Palisade Wall x1 |
| 17:22 | jhonsys · age_up castle |
| 17:45 | jhonsys · first_market_sell 500 food |
| 18:01 | jhonsys · first_market_buy 100 stone |
| 18:08 | jhonsys · first_building Castle |
| 19:18 | lx0o0xl · resign |
[ AI ANALYSIS · 1 CREDIT ]
What really happened in this match?
Wolo.gg analyzes every decision: build order, eco, micro, common mistakes by bracket. Personalized analysis on WhatsApp or Discord in 30 seconds.
Civ guide
Incas
Perfil
lx0o0xl